 Dungeon Crawl Stone Soup version 0.24-a0-279-ga7546fe (webtiles) character file.

Game seed: 2434260378396870295

1408 erloom the Fighter (level 8, -6/88 HPs)
             Began as an Ogre Transmuter on May 1, 2019.
             Was an Initiate of Cheibriados.
             Mangled by a wight
             ... wielding a +1 mace of venom
              (10 damage)
             ... on level 5 of the Dungeon.
             The game lasted 00:17:43 (6436 turns).

erloom the Fighter (Ogre Transmuter)                Turns: 6436, Time: 00:17:44

Health: -6/88      AC:  2    Str: 21    XL:     8   Next: 70%
Magic:  16/21      EV: 19    Int: 17    God:    Cheibriados [......]
Gold:   275        SH:  0    Dex: 15    Spells: 3/13 levels left

rFire    . . .     SeeInvis .     - Unarmed
rCold    . . .     Gourm    .   (shield currently unavailable)
rNeg     . . .     Faith    .   (armour currently unavailable)
rPois    x         Spirit   .   (helmet currently unavailable)
rElec    .         Reflect  .   (cloak currently unavailable)
rCorr    .         Harm     .   (gloves unavailable)
MR       .....                  (boots unavailable)
Stlth    ++........             r - amulet of magic regeneration
HPRegen  0.24/turn              l - ring of stealth
MPRegen  0.42/turn              x - ring of magical power

@: mighty, lethally poisoned (-6 -> -47), spider-form (expiring), very slightly
contaminated, heavily drained, very slow
A: tiny, unfitting armour
a: End Transformation, Bend Time, Renounce Religion


You were on level 5 of the Dungeon.
You worshipped Cheibriados.
Cheibriados was noncommittal.
You were not hungry.
You were a venomous arachnid creature.
You visited 2 branches of the dungeon, and saw 7 of its levels.

You collected 275 gold pieces.

Inventory:

Missiles
 a - 61 arrows
 g - 193 stones (quivered)
Armour
 b - a +0 robe (melded)
Jewellery
 f - an uncursed ring of flight
 l - a ring of stealth (left front leg)
 r - an amulet of magic regeneration (around neck)
 x - a ring of magical power (right front leg)
 y - an uncursed ring of ice
 A - an uncursed ring of ice
Wands
 j - a wand of iceblast (8)
 w - a wand of clouds (8)
 z - a wand of digging (8)
Scrolls
 e - 5 scrolls of remove curse
 i - 2 scrolls of identify
 m - 3 scrolls of teleportation
 n - a scroll of magic mapping {unknown}
 p - a scroll of enchant weapon
 v - 2 scrolls of amnesia
Potions
 c - a potion of resistance
 h - a potion of cancellation
 k - 4 potions of might
 o - 4 potions of heal wounds
 q - a potion of haste
 s - a potion of ambrosia {unknown}
 t - a potion of flight {unknown}
 u - 2 potions of curing {unknown}
Comestibles
 d - 14 rations
 B - a chunk of flesh


   Skills:
 - Level 8.0(6.3) Fighting
 - Level 3.1(1.6) Dodging
 + Level 6.8(5.2) Unarmed Combat
 - Level 3.0(1.5) Spellcasting
 - Level 3.3(1.8) Transmutations
 - Level 1.1(0.0) Poison Magic


You had 3 spell levels left.
You knew the following spells:

 Your Spells              Type           Power        Failure   Level  Hunger
a - Beastly Appendage     Tmut           #.....       24%         1    ##.....
b - Sticks to Snakes      Tmut           #.......     32%         2    ###....
c - Spider Form           Tmut/Pois      #.........   61%         3    ####...
d - Ice Form              Ice/Tmut       #.......     92%         4    #####..

Your spell library contained the following spells:

 Spells                   Type           Power        Failure   Level  Hunger
 Blade Hands              Tmut           #.........   99%         5    ######.


Dungeon Overview and Level Annotations

Branches:
Dungeon (6/15)             Temple (1/1) D:5

Altars:
Ashenzari
Cheibriados
Dithmenos
Elyvilon
Fedhas
Gozag
Hepliaklqana
Kikubaaqudgha
Makhleb
Nemelex Xobeh
Qazlal
Ru
Sif Muna
Trog
Uskayaw
Vehumet
Wu Jian
Xom
Yredelemnul
Zin
The Shining One

Shops:
D:5 (


Innate Abilities, Weirdness & Mutations

You are too large for most types of armour.
((You have tough skin. (AC +1)))


Message History

Unknown command.
Casting: Sticks to Snakes (safe; 32% risk of failure)
Confirm with . or Enter, or press ? or * to list all spells.
You miscast Sticks to Snakes.
The air around you crackles with energy!
* * * LOW HITPOINT WARNING * * *
You feel very sick. The wight misses you.
Unknown command.
You hit the wight but do no damage.
* * * LOW HITPOINT WARNING * * *
You feel very sick. The wight hits you but does no damage.
You are more poisoned.
It was a potion of might.
You feel very mighty all of a sudden.
* * * LOW HITPOINT WARNING * * *
You feel very sick.
The wight hits you with a +1 mace of venom!
You die...

#.#♣.∩.♣.#####......
#)#..♣.........#.##.
#>######.####..#.##.
#)# #.####..#.##.
#.# #.##.........
####.###
##.##.#..#....
#.....<#
#.............
#.##.#)#
#.....###...#.
#.##.#s#
#.....##......
#.##.#z#
#.....###...##
#.##.#.# #.....#
##>... #.##.#.#
####### ##)##
#......# #.#
#.##.#.# #####.#
#.##.#.# #.....#
#.##...# #.#####
#.####.# #.#


You could see a wight.

Vanquished Creatures
  Grinder (D:3)
  Sigmund (D:5)
  2 ogres
  2 centaurs (D:5)
  A scorpion (D:5)
  3 wights (D:5)
  A bullfrog zombie (D:5)
  A crimson imp (D:5)
  A centaur zombie (D:5)
  A hound (D:5)
  A jelly (D:5)
  A centaur skeleton (D:5)
  2 orc priests (D:3)
  2 bullfrog skeletons
  An orc wizard (D:4)
  2 worker ants (D:5)
  A killer bee zombie (D:6)
  A gnoll (D:5)
  3 adders
  A shadow imp (D:5)
  2 oozes
  An adder zombie (D:5)
  An adder skeleton (D:4)
  2 worms
  3 dart slugs
  A leopard gecko (D:4)
  10 orcs
  2 ball pythons
  9 giant cockroaches
  6 goblins
  13 hobgoblins
  15 jackals
  2 kobolds (D:1)
  A quokka (D:5)
  8 bats
  5 frilled lizards
  A leopard gecko skeleton (D:4)
  10 rats
121 creatures vanquished.

Vanquished Creatures (collateral kills)
  An ogre (D:5)
1 creature vanquished.

Grand Total: 122 creatures vanquished

Notes
Turn   | Place    | Note
-------+----------+-------------------------------------------
     0 | D:1      | erloom the Ogre Transmuter began the quest for the Orb.
     0 | D:1      | Reached XP level 1. HP: 19/19 MP: 3/3
   130 | D:1      | Reached XP level 2. HP: 19/28 MP: 5/5
   140 | D:1      | Reached skill level 2 in Fighting
   149 | D:1      | Learned a level 2 spell: Sticks to Snakes
   681 | D:1      | Reached XP level 3. HP: 33/35 MP: 7/7
   686 | D:1      | Learned a level 3 spell: Spider Form
  1346 | D:2      | Found a shadowy altar of Dithmenos.
  1424 | D:2      | Found an ornate altar of the Wu Jian Council.
  1425 | D:2      | Found a hazy altar of Hepliaklqana.
  1427 | D:2      | Found a white marble altar of Elyvilon.
  1428 | D:2      | Found a sparkling altar of Nemelex Xobeh.
  1612 | D:2      | Found a bloodstained altar of Trog.
  1756 | D:2      | Found an opulent altar of Gozag.
  1937 | D:3      | Reached XP level 4. HP: 43/44 MP: 8/8
  2193 | D:3      | Reached skill level 3 in Fighting
  2193 | D:3      | Reached skill level 1 in Poison Magic
  2476 | D:3      | Reached XP level 5. HP: 29/53 MP: 5/9
  3370 | D:3      | Noticed Grinder
  3390 | D:3      | Killed Grinder
  3390 | D:3      | Reached skill level 4 in Fighting
  3390 | D:3      | Reached XP level 6. HP: 42/63 MP: 6/10
  4291 | D:4      | Reached skill level 5 in Fighting
  4432 | D:4      | Reached XP level 7. HP: 72/72 MP: 4/11
  4721 | D:5      | Entered Level 5 of the Dungeon
  4827 | D:5      | Reached skill level 6 in Fighting
  4827 | D:5      | Reached skill level 5 in Unarmed Combat
  4912 | D:5      | Learned a level 4 spell: Ice Form
  5379 | D:5      | Reached XP level 8. HP: 50/84 MP: 12/12
  5524 | D:5      | Noticed Sigmund
  5534 | D:5      | Killed Sigmund
  5534 | D:5      | Reached skill level 7 in Fighting
  5710 | D:5      | Found a staircase to the Ecumenical Temple.
  5719 | Temple   | Entered the Ecumenical Temple
  5724 | Temple   | Became a worshipper of Cheibriados the Contemplative
  5905 | D:5      | Found Zeory's Weapon Shop.
  6085 | D:5      | Reached skill level 8 in Fighting
  6436 | D:5      | HP: 4/88 [poisoned by a wight]
  6436 | D:5      | Mangled by a wight

Levels and vault maps discovered:
D:1:      shiori_arrival_maze, layout_loops_ring
D:2:      layout_rooms, lemuel_crystal_altar, grunt_temple_overflow_open,
          dk_vineyard_1, nicolae_gozag_cash_rules_everything_around_me
D:3:      layout_loops_corners, minmay_misc_feat_encased, uniq_grinder
D:4:      layout_loops_ring
D:5:      layout_loops_cross, minmay_temple_entry_poolview, serial_shops,
          nicolae_shop_trees, first_ration, minmay_stone_trees_small,
          kennysheep_path_1, uniq_sigmund
D:6:      layout_rooms, minivault_14
Temple:   minmay_freezing_vapour_temple

Skill      XL: |  1  2  3  4  5  6  7  8 |
---------------+-------------------------+-----
Transmutations | 2 3 |  3.3
Fighting       | 2 3 4 5 6 8 |  8.0
Unarmed Combat | 3 4 5 6 |  6.8
Spellcasting   | 3 |  3.0
Poison Magic   | 1 |  1.1
Dodging        | 3 |  3.1

Action                   |  1- 3 |  4- 6 |  7- 9 || total
-------------------------+-------+-------+-------++-------
Melee: Unarmed           |   197 |   189 |   141 ||   527
       Punch             |     1 |     2 |     4 ||     7
       Headbutt          |     1 |       |     3 ||     4
       Kick              |       |       |     2 ||     2
Throw: Stone             |     4 |    12 |     8 ||    24
 Cast: Beastly Appendage |     3 |     2 |     3 ||     8
       Spider Form       |     1 |     6 |    14 ||    21
       Sticks to Snakes  |       |     8 |     6 ||    14
Evoke: Wand              |       |     1 |       ||     1
  Use: Scroll            |       |     9 |     2 ||    11
       Potion            |       |       |     1 ||     1
 Stab: Sleeping          |       |     4 |     2 ||     6
       Distracted        |       |       |     1 ||     1
  Eat: Chunk             |     3 |    10 |     9 ||    22
Armor: Robe              |    59 |    55 |    10 ||   124
       Skin              |       |     1 |     5 ||     6
Dodge: Dodged            |    97 |   107 |   103 ||   307

Table legend:
 A = Non-vault XP
 B = Vault XP
 C = Vault XP percentage of total XP
 D = Non-vault monster count
 E = Vault monster count
 F = Vault count percentage of total count
                 A         B        C        D         E       F
            +---------+---------+-------+---------+---------+-------
      Total |    1613 |     399 |  19.8 |     118 |       4 |   3.3
            +---------+---------+-------+---------+---------+-------
        D:1 |      36 |       6 |  14.3 |      20 |       2 |   9.1
        D:2 |      39 |       0 |   0.0 |      17 |       0 |   0.0
        D:3 |     143 |     188 |  56.8 |      28 |       1 |   3.4
        D:4 |     240 |       0 |   0.0 |      21 |       0 |   0.0
        D:5 |    1125 |     205 |  15.4 |      30 |       1 |   3.2
        D:6 |      30 |       0 |   0.0 |       2 |       0 |   0.0
            +---------+---------+-------+---------+---------+-------
